Map: [ESL] Data-C

Players

trigger - Winner!

  • Race: Protoss Protoss
  • Spawn Location: 9:00

Astrea

  • Race: Protoss Protoss
  • Spawn Location: 3:00

Event: DreamHack SC2 Masters 2022 Atlanta (Online)

VOD

Have the link to the VOD?

Description

Time

  • Played on: Oct. 12, 2022, 4:41 p.m.
  • Length: 6:40

All games in this series

Show
View Real Time Build Order
Export as new Build Order

trigger Protoss - Winner!

Build Orders:  

Get SALT Encoding   

  12  0:00  Probe  
  13  0:12  Probe  
  14  0:17  Pylon  
  14  0:24  Probe (Chrono Boost)  
  16  0:36  Gateway, Probe (Chrono Boost)  
  16  0:43  Probe (Chrono Boost)  
  16  0:45  Assimilator  
  17  0:50  Probe  
  17  0:54  Assimilator  
  18  1:03  Probe (Chrono Boost)  
  19  1:12  Gateway  
  19  1:13  Probe (Chrono Boost)  
  19  1:18  Probe (Chrono Boost)  
  20  1:24  Cybernetics Core  
  21  1:29  Probe  
  22  1:34  Pylon  
  22  1:41  Probe  
  23  1:52  Gateway  
  23  2:00  Adept x2  
  27  2:03  Warp Gate (Chrono Boost)  
  27  2:32  Stalker x2  
  31  2:39  Pylon  
  31  2:41  Robotics Facility  
  31  2:55  Pylon  
  31  3:04  Stalker  
  33  3:25  Immortal (Chrono Boost)  
  37  3:44  Sentry, Stalker x2  
  43  3:49  Shield Battery  
  43  3:57  Warp Prism (Chrono Boost)  
  45  4:07  Adept, Pylon  
  45  4:28  Sentry  
  45  4:29  Immortal (Chrono Boost)  
  51  4:41  Adept x2  
  53  5:03  Adept x2  
  45  5:16  Immortal (Chrono Boost)  
  45  5:28  Adept x2, Sentry  
  48  5:49  Adept  
  48  5:50  Stalker  
  48  5:51  Adept  
  44  6:12  Adept  
  44  6:16  Stalker  
  44  6:34  Adept x2  
Show
View Real Time Build Order
Export as new Build Order

Astrea Protoss 

Build Orders: 1 Gate Expand 

Get SALT Encoding   

  12  0:00  Probe  
  13  0:12  Probe  
  14  0:17  Pylon  
  14  0:24  Probe (Chrono Boost)  
  15  0:36  Probe (Chrono Boost)  
  15  0:38  Gateway  
  16  0:44  Probe (Chrono Boost)  
  16  0:46  Assimilator  
  17  0:51  Probe  
  18  1:03  Probe  
  19  1:15  Probe  
  20  1:23  Nexus  
  20  1:27  Probe  
  21  1:37  Cybernetics Core  
  21  1:41  Assimilator  
  21  1:46  Probe  
  22  1:51  Pylon  
  22  1:58  Probe  
  23  2:10  Probe  
  24  2:18  Warp Gate  
  24  2:22  Probe  
  27  2:23  Stalker (Chrono Boost)  
  27  2:34  Probe  
  27  2:39  Robotics Facility  
  27  2:45  Probe  
  27  2:46  Probe, Stalker  
  31  2:52  Gateway  
  31  2:57  Probe  
  32  3:01  Shield Battery  
  32  3:05  Probe  
  35  3:23  Immortal (Chrono Boost)  
  37  3:28  Shield Battery  
  37  3:37  Cybernetics Core  
  37  3:39  Shield Battery  
  37  3:51  Shield Battery  
  37  3:54  Warp Prism (Chrono Boost)  
  39  4:06  Sentry x2  
  43  4:23  Pylon  
  43  4:29  Immortal (Chrono Boost)  
  46  4:38  Gateway  
  46  4:42  Cybernetics Core  
  46  4:48  Stalker  
  46  4:52  Gateway  
  44  5:00  Shield Battery  
  40  5:08  Immortal (Chrono Boost)  
  40  5:13  Zealot  
  37  5:36  Adept  
  39  5:44  Immortal (Chrono Boost)  
  41  5:52  Stalker  
  38  6:06  Stalker  
  32  6:30  Stalker  
Tags
 
Add a new tag
Caveats
  • Supply blocks, unpowered buildings, or Contaminate may cause inaccurate times.
  • Supply counts are checked every 10 seconds.